cohdb
Replays
Latest Replays
All Replays
Popular Replays
Top Player Replays
Match Explorer
How It Works
Community
CoH3 Stats
Reddit
Sign in to upload your games and track your stats! →
Sign in with Steam
Match 45987507
Unlisted
Match 45987507
Overview
Messages
Build Orders
End
Royal Engineer Section
Construct Section Command Post
Dingo Light Scout Car
Dingo Light Scout Car
Infantry Section
Vickers Machine Gun Team
Construct Platoon Command Post
Selects Air and Sea Battlegroup
Selects Supply Surplus
Construct Resource Cache
Construct Resource Cache
Humber Armored Car
Light Vehicle Training
Construct Company Command Post
Selects Commando Section Paradrop
Commando Section Paradrop
Matilda II Heavy Tank
Selects M1 Pack Howitzer Paradrop
6-pounder Anti-tank Gun Team
Unlock Bishop Self-propelled Artillery
Foot Guards Section
Selects UNKNOWN (223837)
Selects Assault Flares
Infantry Training
Construct Resource Cache
Bishop Self-propelled Artillery
Crusader II Medium Tank
Foot Guards Section
Selects Anti-tank Rocket Loiter
Steyrc
Tiensin
Alloyzy Klex®
SEPH
0
0
Comments
sign in to comment!
No comments posted yet!